 Dungeon Crawl Stone Soup version 0.26-b1-45-g23770d1d51 (webtiles) character file.

Game seed: 18161068030142526099

114 GorgonRamsay the Insei (level 4, 0/30 HPs)
             Began as an Octopode Transmuter on Jan 6, 2021.
             Slain by Purgy (3 damage)
             ... in a sewer.
             The game lasted 00:12:52 (3395 turns).

GorgonRamsay the Insei (Octopode Transmuter)        Turns: 3395, Time: 00:12:52

Health: 0/30       AC:  1    Str:  9    XL:     4   Next: 98%
Magic:  7/8        EV: 13    Int: 16    God:
Gold:   106        SH:  0    Dex: 12    Spells: 7/8 levels left

rFire    . . .     SeeInvis .     - Unarmed
rCold    . . .     Faith    .   (no shield)
rNeg     . . .     Spirit   .   (helmet currently unavailable)
rPois    .         Reflect  .   (no amulet)
rElec    .         Harm     .   j - ring of attention (curse)
rCorr    .         Rampage  .   (no ring)
Will     .....                  (no ring)
Stlth    +.........             (no ring)
HPRegen  0.10/turn              (no ring)
MPRegen  0.11/turn              (no ring)
                                (no ring)
                                (no ring)

@: mighty, appendages, attractive, hasted, very quick
A: almost no armour, stealthy swim, amphibious, 8 rings, constrict 8, tentacle
spike 3, camouflage 1, gelatinous body 1
a: End Transformation


You were in a sewer.
One of your tentacles had a temporary spike.
You visited 1 branch of the dungeon, and saw 3 of its levels.
You also visited: Sewer.

You collected 106 gold pieces.

Inventory:

Missiles
 l - 25 arrows (quivered)
Jewellery
 j - a cursed ring of attention (left tentacle)
Scrolls
 a - a scroll of fear {unknown}
 b - 2 scrolls of magic mapping {unknown}
 c - 2 scrolls of blinking {unknown}
 d - 2 scrolls of teleportation {unknown}
 e - a scroll of enchant armour {unknown}
 g - 3 scrolls of identify {unknown}
 h - 4 scrolls of enchant weapon {unknown}
 i - a scroll of remove curse {unknown}
 o - a scroll of amnesia {unknown}
Potions
 k - a potion of haste
 m - 2 potions of heal wounds {unknown}


   Skills:
 + Level 2.3 Fighting
 - Level 2.0 Dodging
 + Level 3.7 Unarmed Combat
 + Level 2.9 Spellcasting
 + Level 2.9 Transmutations


You had 7 spell levels left.
You knew the following spells:

 Your Spells              Type           Power        Failure   Level
z - Beastly Appendage     Tmut           22%          6%          1

Your spell library contained the following spells:

 Spells                   Type           Power        Failure   Level
 Wereblood                Tmut           11%          9%          2
 Spider Form              Tmut/Pois      3%           30%         3
 Ice Form                 Ice/Tmut       7%           71%         4
 Blade Hands              Tmut           5%           85%         5


Dungeon Overview and Level Annotations

Branches:
Dungeon (3/15)              Sewer (1/1)

Altars:

Annotations:
Sewer Purgy


Innate Abilities, Weirdness & Mutations

You cannot wear most types of armour.
You are very stealthy in the water. (Stealth+)
You are amphibious.
You can wear up to eight rings at the same time.
You can use your tentacles to constrict eight enemies at once.
Your skin changes colour to match your surroundings (Stealth+).
Your rubbery body absorbs attacks. (AC +1, EV +1)
One of your tentacles bears a large vicious spike.


Message History

You closely miss Purgy.
You pierce Purgy!
Purgy is heavily wounded.
Purgy misses you. Purgy claws you.
* * * LOW HITPOINT WARNING * * *
Purgy closely misses you.
You closely miss Purgy.
Your tentacle spike misses Purgy.
Purgy is heavily wounded.
You bludgeon Purgy!
Purgy is severely wounded.
Purgy bites you but does no damage. Purgy claws you.
* * * LOW HITPOINT WARNING * * *
Purgy claws you.
* * * LOW HITPOINT WARNING * * *
It was a potion of haste.
You feel yourself speed up. Purgy barely misses you. Purgy closely misses you.
Purgy claws you.
* * * LOW HITPOINT WARNING * * *
You bludgeon Purgy!
Purgy is almost dead.
Purgy closely misses you. Purgy claws you.
You die...

####∩∩.##≈.≈≈≈≈≈≈≈≈≈≈≈≈
#..###†.≈≈≈≈≈≈≈≈≈≈≈#
#### ##..≈≈≈≈≈≈≈≈≈≈≈
##≈≈≈≈≈≈≈≈≈≈≈≈
##≈.≈≈≈≈≈≈≈≈#
##.≈≈≈≈≈≈≈##
###≈≈≈≈≈≈≈# #.≈≈≈≈≈≈≈≈
##@≈≈≈≈≈≈# #T≈≈≈≈≈≈#
≈≈≈≈≈≈≈≈# .≈≈≈≈≈≈≈≈≈
#≈≈≈≈≈≈≈≈≈≈ ≈≈≈≈≈≈≈≈≈≈≈
≈≈≈≈≈≈≈≈≈≈##
#≈≈≈≈≈≈≈≈≈≈≈


You could see Purgy.

Vanquished Creatures
  4 adders
  2 worms
  3 dart slugs
  3 leopard geckos
  An orc (D:3)
  3 giant cockroaches
  11 goblins
  4 hobgoblins
  2 jackals (D:2)
  A quokka (D:2)
  3 ball pythons
  8 bats
  7 frilled lizards
  5 kobolds
  6 rats
63 creatures vanquished.

Notes
Turn   | Place    | Note
-------+----------+-------------------------------------------
     0 | D:1      | GorgonRamsay the Octopode Transmuter began the quest for
                  | the Orb.
     0 | D:1      | Reached XP level 1. HP: 13/13 MP: 3/3
    89 | D:1      | Reached XP level 2. HP: 14/18 MP: 3/5
   865 | D:1      | Reached XP level 3. HP: 20/23 MP: 6/6
  1298 | D:2      | Reached XP level 4. HP: 26/29 MP: 5/7
  3079 | D:3      | Found a glowing drain.
  3244 | Sewer    | Entered a sewer
  3386 | Sewer    | Noticed Purgy
  3395 | Sewer    | Slain by Purgy

Illustrated notes

Levels and vault maps discovered:
D:1:      shiori_arrival_oz, layout_rooms
D:2:      layout_basic, hangedman_decor_peaks_small
D:3:      kennysheep_six_static_rooms, layout_loops_ring, portal_sewer_entry_b
Sewer:    sewer_co_purgy_island

Skill      XL: |  1  2  3  4 |
---------------+-------------+-----
Fighting       | 2 |  2.3
Dodging        | |  2.0
Unarmed Combat | |  3.7
Spellcasting   | |  2.9
Transmutations | |  2.9

Action                   |  1- 3 |  4- 6 || total
-------------------------+-------+-------++-------
Melee: Unarmed           |    73 |    79 ||   152
       Constrict         |    23 |    19 ||    42
       Tentacles         |    11 |     6 ||    17
       Punch             |     1 |     2 ||     3
       Kick              |     6 |     8 ||    14
 Cast: Beastly Appendage |    12 |    10 ||    22
  Use: Potion            |       |     3 ||     3
 Stab: Sleeping          |     2 |     2 ||     4
       Distracted        |       |     1 ||     1
Armor: Skin              |    11 |     3 ||    14
Dodge: Dodged            |    47 |    44 ||    91
